 Dungeon Crawl Stone Soup version 0.28.0 (webtiles) character file.

Game seed: 9254044456226570892

20670 boopmooplesden the Carver (level 12, -7/107 HPs)
             Began as a Minotaur Fighter on Feb 4, 2022.
             Was a High Priest of Okawaru.
             Mangled by a catoblepas (12 damage)
             ... while petrified by a catoblepas
             ... on level 3 of the Lair of Beasts.
             The game lasted 00:17:22 (13400 turns).

boopmooplesden the Carver (Minotaur Fighter)       Turns: 13400, Time: 00:17:22

Health: -7/107     AC: 18    Str: 27    XL:     12   Next: 47%
Magic:  11/12      EV:  2    Int: 13    God:    Okawaru [*****.]
Gold:   794        SH:  0    Dex: 11    Spells: 11/11 levels left

rFire   . . .      SeeInvis .   z - +3 flail (freeze)
rCold   . . .      Faith    .   c - +0 buckler
rNeg    + + +      Spirit   .   M - +4 scale mail of Melancholy {Contam Rampage Str+4}
rPois   ∞          Reflect  +   (helmet restricted)
rElec   .          Harm     .   x - scarf {+Inv}
rCorr   .          Rampage  +   G - +1 pair of gloves {Stlth+}
Will    .....                   o - +0 pair of boots
Stlth   +++.......              J - amulet of reflection
HPRegen 0.27/turn               n - +6 ring of intelligence
MPRegen 0.13/turn               E - +4 ring of evasion

@: petrified, heroic, studying Maces & Flails
A: horns 2, retaliatory headbutt
a: Renounce Religion, Evoke Invisibility, Heroism, Finesse, Duel


You were on level 3 of the Lair of Beasts.
You worshipped Okawaru.
Okawaru was extremely pleased with you.
You visited 2 branches of the dungeon, and saw 13 of its levels.

You collected 794 gold pieces.

Inventory:

Hand Weapons
 a - a +0 long sword
 s - the +2 falchion of Uryag {drain, Will+ Dex+4}
   (You found it on level 3 of the Dungeon)

   A truly terrible weapon, it drains the life of any living foe it strikes.
   Dex:       It affects your dexterity (+4).
   Will:      It increases your willpower.
 y - a +2 scimitar
 z - a +3 flail of freezing (weapon)
Missiles
 e - 8 boomerangs (quivered)
 t - 14 boomerangs of dispersal
 F - 6 silver javelins
Armour
 b - a +1 scale mail
 c - a +0 buckler (worn)
 m - a +0 chain mail
 o - a +0 pair of boots (worn)
 x - a scarf of invisibility (worn)
 C - +0 acid dragon scales
 G - a +1 pair of gloves of stealth (worn)
 M - the +4 scale mail of Melancholy (worn) {Contam Rampage Str+4}
   (Okawaru gifted it to you on level 2 of the Lair of Beasts)

   Str:       It affects your strength (+4).
   Contam:    It causes magical contamination when unequipped.
   Rampage:   It bestows one free step when moving towards enemies.
Jewellery
 j - a ring of wizardry
 n - a +6 ring of intelligence (left hand)
 D - a ring of wizardry
 E - a +4 ring of evasion (right hand)
 J - an amulet of reflection (around neck)
 O - a ring of fire
Wands
 p - a wand of iceblast (25)
 q - a wand of paralysis (17)
 B - a wand of flame (46)
Scrolls
 g - 5 scrolls of identify
 h - 6 scrolls of amnesia
 u - a scroll of fear
 w - 2 scrolls of blinking
 L - 2 scrolls of enchant armour
 N - a scroll of fog
Potions
 d - 2 potions of might
 f - 7 potions of curing
 i - a potion of heal wounds
 k - 3 potions of attraction
 l - 2 potions of cancellation
 r - a potion of magic
 v - a potion of brilliance
 A - a potion of berserk rage {unknown}
 H - 2 potions of degeneration {unknown}
 I - 2 potions of flight {unknown}


   Skills:
 + Level 10.4(15.4) Fighting
 + Level 14.5(19.5) Long Blades
 + Level 4.5(9.5) Maces & Flails
 + Level 1.1(6.1) Throwing
 + Level 10.6(15.6) Armour
 + Level 8.5(13.5) Dodging
 + Level 3.2(8.2) Stealth
 + Level 10.9(15.9) Shields
 + Level 1.6 Invocations


You had 11 spell levels left.
You didn't know any spells.
Your spell library contained the following spells:

 Spells                   Type           Power      Damage    Failure   Level
 Apportation              Tloc           0%         N/A       52%         1
 Magic Dart               Conj           0%         1d3       52%         1
 Slow                     Hex            0%         N/A       52%         1
 Ensorcelled Hibernation  Hex/Ice        0%         N/A       67%         2
 Searing Ray              Conj           0%         2d4       67%         2
 Confusing Touch          Hex            0%         N/A       88%         3
 Conjure Flame            Conj/Fire      0%         6-21      88%         3
 Ignite Poison            Fire/Tmut/Pois 0%         N/A       88%         3
 Spider Form              Tmut/Pois      0%         N/A       88%         3
 Vampiric Draining        Necr           0%         2d6       88%         3
 Anguish                  Hex/Necr       0%         N/A       99%         4
 Fulminant Prism          Conj/Hex       0%         3d6       99%         4
 Olgreb's Toxic Radiance  Pois           0%         N/A       99%         4
 Passage of Golubria      Tloc           0%         N/A       99%         4
 Sticky Flame             Conj/Fire      0%         2d3       99%         4
 Yara's Violent Unravell  Hex/Tmut       0%         3d3       100%        5
 Ozocubu's Refrigeration  Ice            0%         4d5       100%        7
 Ignition                 Fire           0%         3d3       100%        8
 Animate Skeleton         Necr           Unusable   N/A       N/A         1
 Summon Small Mammal      Summ           Unusable   N/A       N/A         1
 Tukima's Dance           Hex            Unusable   N/A       N/A         3

Dungeon Overview and Level Annotations

Branches:
Dungeon (10/15)            Temple (0/1) D:7            Lair (3/6) D:8
  Swamp (0/4) Lair:2
  Snake: Lair:2-4    Spider: Lair:2-4       Orc: D:9-12

Altars:
Okawaru
Uskayaw


Innate Abilities, Weirdness & Mutations

You have a pair of horns on your head.
You reflexively headbutt those who attack you in melee.


Message History

The catoblepas breathes a plume of calcifying dust at you.
The blast of calcifying dust hits you but does no damage.
You have turned to stone.
The catoblepas gores you but does no damage. x2
The catoblepas gores you!
* * * LOW HITPOINT WARNING * * *
The catoblepas gores you but does no damage.
The catoblepas breathes a plume of calcifying dust at you.
The blast of calcifying dust hits you but does no damage.
You are engulfed in calcifying dust.
The catoblepas gores you!
* * * LOW HITPOINT WARNING * * *
You turn to flesh and can move again.
Unknown command.
You feel much better.
You are engulfed in calcifying dust.
You are slowing down.
You block the catoblepas's attack.
You gain the combat prowess of a mighty hero.
You are engulfed in calcifying dust.
Your limbs have turned to stone.
You block the catoblepas's attack. x2; You have turned to stone.
You are engulfed in calcifying dust.
The catoblepas gores you. The catoblepas gores you!
* * * LOW HITPOINT WARNING * * *
The catoblepas gores you!!
* * * LOW HITPOINT WARNING * * *
The catoblepas breathes a plume of calcifying dust at you.
The blast of calcifying dust hits you.
* * * LOW HITPOINT WARNING * * *
You are engulfed in calcifying dust.
The catoblepas breathes a plume of calcifying dust at you.
The blast of calcifying dust hits you but does no damage.
You are engulfed in calcifying dust.
The catoblepas gores you!
* * * LOW HITPOINT WARNING * * *
You are engulfed in calcifying dust.
The catoblepas gores you!!
* * * LOW HITPOINT WARNING * * *
You are engulfed in calcifying dust.
The catoblepas breathes a plume of calcifying dust at you.
The blast of calcifying dust hits you but does no damage.
The catoblepas gores you but does no damage.
The catoblepas gores you!!
You die...

♣♣.♣♣########.########..♣.
♣...♣ ♣♣♣♣♣♣♣.♣♣♣♣♣♣♣#.♣♣♣
♣♣.♣♣ ♣.............♣#..♣.
♣...♣ ♣.♣♣♣♣♣♣♣♣♣♣♣.♣#♣.♣.
♣♣.♣♣ ♣.♣..÷......♣.♣ ♣†♣
##∩## ♣.♣§♣♣♣♣♣♣♣.♣.♣ ##∩#
##...##♣.♣§######♣.♣.♣##...
#<....#♣.♣§#[.'.#♣.♣.♣#....
#....>#..♣@#}.'.#♣.♣..#>...
#<....#♣.♣Y####Y#♣.♣.♣#....
##...##♣.♣..§...#♣.♣.♣##...
##∩## ♣.♣♣♣♣♣♣♣♣♣.♣.♣###∩#
♣♣.♣♣#♣.......†÷..♣.♣#.♣.♣
♣P≈≈≈#♣♣♣♣♣♣♣♣♣♣♣♣♣.♣#..♣♣
#♣≈P♣♣# ♣....?..♣#...♣
#≈♣♣♣ ♣.♣♣♣♣♣♣♣#.♣.. #≈♣♣♣♣
#.###### #.♣♣.


You could see a catoblepas.

Vanquished Creatures
  A boulder beetle (Lair:3)
  A hydra (Lair:3)
  2 two-headed ogres
  A bog body (Lair:2)
  3 elephants (Lair:2)
  2 black mambas (Lair:3)
  8 cane toads
  3 rime drakes
  An unseen horror (D:5)
  5 komodo dragons
  Grinder (D:5)
  4 dream sheep
  A wraith (D:5)
  5 wyverns
  Grum (Lair:1)
  19 yaks
  3 basilisks (D:8)
  A steam dragon (D:8)
  4 swamp worms (Lair:2)
  2 acid dragons (D:8)
  8 water moccasins
  A sky beast (D:8)
  An orc warrior (D:6)
  An ice beast (D:7)
  An ogre (D:5)
  3 necrophages
  A black bear (Lair:2)
  13 wolves
  4 centaurs
  4 kobold brigands
  13 bullfrogs
  A wyvern zombie (D:6)
  3 scorpions
  A killer bee (D:10)
  12 wights
  An electric eel (Lair:2)
  A centaur zombie (D:9)
  3 bullfrog zombies
  3 hounds
  An orc priest (D:9)
  3 jellies
  A gnoll shaman (D:6)
  Jessica (D:2)
  An iguana (D:7)
  Ijyb (D:3)
  7 orc wizards
  Natasha (thrice) (D:3)
  2 killer bee zombies
  A mummy (D:7)
  Robin (D:2)
  2 howler monkey zombies (D:7)
  A gnoll (D:1)
  7 adders
  2 shadow imps
  A white imp (D:5)
  An ufetubus (D:5)
  An adder zombie (D:5)
  A worm (D:2)
  16 orcs
  6 endoplasms
  4 giant cockroaches
  11 hobgoblins
  4 jackals (D:4)
  2 quokkas
  8 ball pythons
  3 bats
  2 frilled lizards
  16 goblins
  23 kobolds
  9 rats
285 creatures vanquished.

Vanquished Creatures (others)
  8 fungi
  19 plants
  A withered plant (D:7)
28 creatures vanquished.

Grand Total: 313 creatures vanquished

Notes
Turn   | Place    | Note
-------+----------+-------------------------------------------
     0 | D:1      | boopmooplesden the Minotaur Fighter began the quest for the
                  | Orb.
     0 | D:1      | Reached XP level 1. HP: 19/19 MP: 0/0
   129 | D:1      | Reached XP level 2. HP: 27/27 MP: 1/1
   667 | D:1      | Reached XP level 3. HP: 33/33 MP: 2/2
   851 | D:2      | Noticed Jessica
   855 | D:2      | Killed Jessica
   856 | D:2      | Reached skill level 3 in Long Blades
   937 | D:2      | Found an iron altar of Okawaru.
   946 | D:2      | Became a worshipper of Warmaster Okawaru
  1151 | D:2      | Reached XP level 4. HP: 41/41 MP: 3/3
  1237 | D:2      | Noticed Robin
  1258 | D:2      | Killed Robin
  1764 | D:2      | Found a faded altar of an unknown god.
  2102 | D:3      | Noticed Ijyb
  2120 | D:3      | Killed Ijyb
  2240 | D:3      | Reached skill level 5 in Armour
  2240 | D:3      | Reached XP level 5. HP: 39/47 MP: 4/4
  2372 | D:3      | Noticed Natasha
  2375 | D:3      | Killed Natasha
  2516 | D:3      | Identified the +2 falchion of Uryag {drain, Will+ Dex+4}
  2700 | D:3      | Reached skill level 4 in Long Blades
  2761 | D:3      | Noticed Natasha
  2765 | D:3      | Killed Natasha
  2788 | D:3      | Noticed Natasha
  2794 | D:3      | Killed Natasha
  3178 | D:4      | Reached XP level 6. HP: 53/53 MP: 5/5
  3446 | D:4      | Reached * piety under Okawaru
  3447 | D:4      | Reached skill level 5 in Long Blades
  3728 | D:5      | Entered Level 5 of the Dungeon
  3733 | D:5      | Reached skill level 1 in Dodging
  3949 | D:5      | Reached skill level 5 in Fighting
  3971 | D:5      | Reached XP level 7. HP: 57/61 MP: 6/6
  3988 | D:5      | Noticed Grinder
  4007 | D:5      | Killed Grinder
  4007 | D:5      | Reached ** piety under Okawaru
  4008 | D:5      | Reached skill level 6 in Long Blades
  4008 | D:5      | Reached skill level 5 in Shields
  4315 | D:5      | Reached skill level 1 in Stealth
  4348 | D:5      | Noticed a wraith
  4363 | D:5      | Killed a wraith
  4364 | D:5      | Reached skill level 7 in Long Blades
  4364 | D:5      | Reached XP level 8. HP: 32/70 MP: 4/7
  4577 | D:5      | Killed an unseen horror
  4578 | D:5      | Reached skill level 8 in Long Blades
  4770 | D:6      | Reached *** piety under Okawaru
  4788 | D:6      | Reached skill level 9 in Long Blades
  5049 | D:6      | Reached XP level 9. HP: 65/78 MP: 8/8
  5514 | D:7      | Reached **** piety under Okawaru
  5754 | D:7      | Reached skill level 10 in Long Blades
  6108 | D:7      | Found a staircase to the Ecumenical Temple.
  6412 | D:8      | Reached XP level 10. HP: 71/86 MP: 9/9
  6429 | D:8      | Reached skill level 11 in Long Blades
  6644 | D:8      | Noticed a two-headed ogre
  6649 | D:8      | Killed a two-headed ogre
  6649 | D:8      | Reached ***** piety under Okawaru
  7320 | D:8      | Reached skill level 12 in Long Blades
  7328 | D:8      | Found a staircase to the Lair.
  7690 | D:9      | Received a gift from Okawaru
  7849 | D:9      | Received a gift from Okawaru
  8084 | D:9      | Noticed a two-headed ogre
  8095 | D:9      | Killed a two-headed ogre
  8096 | D:9      | Reached skill level 5 in Dodging
  8200 | D:9      | Reached skill level 13 in Long Blades
  8200 | D:9      | Reached XP level 11. HP: 95/95 MP: 10/10
  8536 | D:9      | Found a hide-covered altar of Uskayaw.
  8701 | D:10     | Entered Level 10 of the Dungeon
  8839 | D:10     | Noticed a cyan ugly thing
  9098 | Lair:1   | Entered Level 1 of the Lair of Beasts
  9117 | Lair:1   | Reached skill level 10 in Armour
  9420 | Lair:1   | Reached skill level 1 in Throwing
  9444 | Lair:1   | Reached skill level 1 in Invocations
  9921 | Lair:1   | Noticed Grum
 10475 | Lair:1   | Reached skill level 10 in Shields
 10497 | Lair:1   | Killed Grum
 11256 | Lair:2   | Noticed a bog body
 11270 | Lair:2   | Killed a bog body
 11278 | Lair:2   | Found a staircase to the Swamp.
 11297 | Lair:2   | Received a gift from Okawaru
 11796 | Lair:2   | Reached skill level 14 in Long Blades
 11933 | Lair:2   | Reached XP level 12. HP: 85/106 MP: 12/12
 12113 | Lair:2   | Identified the +4 scale mail of Melancholy {Contam Rampage
                  | Str+4} (Okawaru gifted it to you on level 2 of the Lair of
                  | Beasts)
 12113 | Lair:2   | Received a gift from Okawaru
 12439 | Lair:2   | You fall into a shaft and drop 1 floor!
 12708 | Lair:3   | Reached skill level 10 in Fighting
 12748 | Lair:3   | Noticed a six-headed hydra
 12758 | Lair:3   | Killed a six-headed hydra
 12759 | Lair:3   | Reached skill level 1 in Maces & Flails
 13051 | Lair:3   | Noticed a boulder beetle
 13051 | Lair:3   | Noticed a catoblepas
 13356 | Lair:3   | Killed a boulder beetle
 13397 | Lair:3   | HP: 4/107 [catoblepas (12)]
 13400 | Lair:3   | Mangled by a catoblepas

Illustrated notes

Levels and vault maps discovered:
D:1:      pf_arrival_petrified_forest, layout_loops_ring
D:2:      layout_loops_corners, ebering_ecumenical_altar_mist, basic_altar,
          uniq_robin, uniq_jessica
D:3:      layout_basic, uniq_ijyb, uniq_natasha
D:4:      layout_loops_ring, minmay_misc_feat_pillars, minmay_misc_feat_room
D:5:      layout_rooms, minmay_manual_mullet, uniq_grinder
D:6:      layout_basic, corexii_shack, minmay_fractal_squares_5
D:7:      layout_rooms, minmay_temple_entry_enclosed_plants, serial_undead,
          serial_undead_c, serial_undead_a, serial_undead_c, serial_undead_f,
          item_on_display_a
D:8:      layout_rooms, erik_lair_dragon
D:9:      layout_irregular_city, nicolae_uskayaw_dance_studio,
          hangedman_decor_points, corner_web_ring, minmay_unpleasant_kobolds
D:10:     layout_irregular_city, minmay_circle_x, uniq_erolcha
Lair:1:   layout_chaotic_city, serial_forest, infiniplex_forest_clump_tiny,
          infiniplex_forest_lined_2, infiniplex_forest_straight_5,
          infiniplex_forest_lined_room_3, infiniplex_forest_lined_4_way,
          infiniplex_forest_clump_curved, infiniplex_forest_lined_1,
          infiniplex_forest_clump_medium, uniq_grum
Lair:2:   layout_cave_pods, nicolae_swamp_entry_splash_gauntlet
Lair:3:   nzn_winding_woodlands_stair_trap [nzn_winding_woodlands_5x15_pool,
          nzn_winding_woodlands_5x15_lazy_stream,
          nzn_winding_woodlands_5x15_split_checker,
          nzn_winding_woodlands_15x15_boxy_spiral,
          nzn_winding_woodlands_5x15_jagged, nzn_winding_woodlands_5x15_twine,
          nzn_winding_woodlands_5x15_pockets], layout_gridlike,
          beast_lair_carwin_9

Skill      XL: |  1  2  3  4  5  6  7  8  9 10 11 12 |
---------------+-------------------------------------+-----
Fighting       | 4 5 6 7 8 9 10 | 10.4
Armour         | 4 5 6 7 8 9 10 | 10.6
Shields        | 4 5 7 8 10 | 10.9
Long Blades    | 3 4 5 7 9 10 13 14 | 14.5
Dodging        | 1 2 4 5 7 8 |  8.5
Stealth        | 1 2 3 |  3.2
Throwing       | 1 |  1.1
Invocations    | 1 |  1.6
Maces & Flails | 4 |  4.5

Action                   |  1- 3 |  4- 6 |  7- 9 | 10-12 || total
-------------------------+-------+-------+-------+-------++-------
Melee: Long sword        |    53 |    81 |       |       ||   134
       Headbutt          |     9 |    17 |    46 |   151 ||   223
       Falchion          |       |    79 |   246 |   457 ||   782
       Flail             |       |       |       |    81 ||    81
Throw: Boomerang         |       |       |       |     2 ||     2
Invok: Heroism           |       |       |     3 |    14 ||    17
  Use: Scroll            |       |    11 |     4 |     4 ||    19
       Potion            |       |       |       |     3 ||     3
 Stab: Sleeping          |       |       |       |     3 ||     3
       Petrified         |       |       |       |     2 ||     2
Armor: Scale mail        |    27 |    61 |    96 |    83 ||   267
       Acid dragon scale |       |       |       |    77 ||    77
Dodge: Dodged            |    25 |    66 |   113 |   335 ||   539
Block: Buckler           |     6 |    38 |    54 |   197 ||   295
       Reflection        |       |       |       |     1 ||     1
